 Dungeon Crawl Stone Soup version 0.30-a0-845-g7c6808c8ce (webtiles) character file.

Game seed: 1949587055879514760

119 cforsyth the Sneak (level 5, -1/32 HPs)
             Began as a Kobold Brigand on Mar 2, 2023.
             Slain by Natasha (7 damage)
             ... on level 4 of the Dungeon.
             The game lasted 00:02:19 (3218 turns).

cforsyth the Sneak (Kobold Brigand)                 Turns: 3218, Time: 00:02:20

Health: -1/32      AC:  3    Str:  8    XL:     5   Next: 24%
Magic:  5/5        EV: 15    Int: 12    God:
Gold:   102        SH:  0    Dex: 19    Spells: 4/4 levels left

rFire   . . .      SeeInvis .    a - +2 dagger
rCold   . . .      Faith    .    (no shield)
rNeg    . . .      Spirit   .    b - +0 robe
rPois   .          Reflect  .    (no helmet)
rElec   .          Rampage  .    c - +0 cloak
rCorr   .                        (no gloves)
Will    .....                    (no boots)
Stlth   +++++                    (no amulet)
HPRegen 0.25/turn                (no ring)
MPRegen 0.09/turn                (no ring)

@: no status effects
A: small, no large weapons, nightstalker 3
a: no special abilities


You were on level 4 of the Dungeon.
You visited 1 branch of the dungeon, and saw 4 of its levels.

You collected 102 gold pieces.

Inventory:

Hand Weapons
 a - a +2 dagger (weapon)
Missiles
 d - 14 poisoned darts (quivered)
 e - 6 curare-tipped darts
Armour
 b - a +0 robe (worn)
 c - a +0 cloak (worn)
Jewellery
 m - a +6 ring of intelligence
Scrolls
 h - 6 scrolls of identify {unknown}
 i - a scroll of fear {unknown}
 j - a scroll of poison {unknown}
 k - a scroll of enchant weapon {unknown}
 l - 2 scrolls of blinking {unknown}
 p - a scroll of noise {unknown}
Potions
 f - a potion of cancellation {unknown}
 g - a potion of might {unknown}
 n - a potion of attraction {unknown}
 o - 2 potions of heal wounds {unknown}
 q - a potion of degeneration {unknown}
 r - a potion of lignification {unknown}


   Skills:
 + Level 3.3 Fighting
 + Level 4.0 Short Blades
 - Level 2.1 Throwing
 + Level 3.0 Dodging
 + Level 6.2 Stealth


You had 4 spell levels left.
You didn't know any spells.
Your spell library was empty.

Dungeon Overview and Level Annotations

Branches:
Dungeon (4/15)
 Temple: D:4-7

Altars:

Annotations:
D:2 1 runed translucent door, Crazy Yiuf
D:4 Natasha


Innate Abilities, Weirdness & Mutations

You are small and have problems with some larger weapons.
You are completely attuned to the shadows.


Message History

Natasha is lightly wounded.
The jackal bites you but does no damage.
You hit Natasha.
Natasha is lightly wounded.
The jackal misses you. Natasha claws you. The jackal closely misses you.
You hit Natasha.
Natasha is moderately wounded.
Natasha claws you. The jackal closely misses you.
You hit Natasha.
Natasha is heavily wounded.
The jackal barely misses you. Natasha claws you.
You miss Natasha.
Natasha is heavily wounded.
The jackal barely misses you. Natasha barely misses you.
You closely miss Natasha.
Natasha is heavily wounded.
The jackal closely misses you.
You hit Natasha.
Natasha is heavily wounded.
The jackal closely misses you.
Natasha stares at you and mumbles some strange words.
The magic dart hits you!
You are too injured to fight recklessly!
You are too injured to fight recklessly!
You are too injured to fight recklessly!
You are too injured to fight recklessly!
You are too injured to fight recklessly!
You are too injured to fight recklessly!
You are too injured to fight recklessly!
You are too injured to fight recklessly!
You hit Natasha but do no damage.
Natasha is heavily wounded.
The jackal barely misses you. Natasha casts a spell at you.
The magic dart hits you!
* * * LOW HITPOINT WARNING * * *
You closely miss Natasha.
Natasha is heavily wounded.
The jackal misses you. Natasha claws you!
You die...

#..........
###......####
h.......##
#......####
#.........####
###.##.......# #
#..##.......#
#.###.###.......#
#(†@h$# #.......#
#.h#### #)......#
#.# #.....[.# ##
#########


You could see Natasha and a jackal.

Vanquished Creatures
  Terence (D:3)
  2 adders
  2 worms (D:3)
  4 dart slugs
  6 endoplasms
  3 giant cockroaches (D:1)
  8 hobgoblins
  A jackal (D:4)
  A quokka (D:3)
  5 ball pythons
  7 bats
  A frilled lizard (D:2)
  9 goblins
  4 kobolds
  5 rats
59 creatures vanquished.

Notes
Turn   | Place    | Note
-------+----------+-------------------------------------------
     0 | D:1      | cforsyth the Kobold Brigand began the quest for the Orb.
     0 | D:1      | Reached XP level 1. HP: 12/12 MP: 1/1
   210 | D:1      | Reached XP level 2. HP: 18/18 MP: 2/2
  1223 | D:2      | Reached XP level 3. HP: 22/22 MP: 3/3
  1552 | D:2      | Reached XP level 4. HP: 23/27 MP: 4/4
  1667 | D:2      | Found a runed translucent door.
  1670 | D:2      | Noticed Crazy Yiuf
  2365 | D:3      | Reached skill level 6 in Stealth
  2479 | D:3      | Noticed Terence
  2480 | D:3      | Killed Terence
  2482 | D:3      | Reached XP level 5. HP: 32/32 MP: 5/5
  3200 | D:4      | Noticed Natasha
  3218 | D:4      | Slain by Natasha

Illustrated notes

Levels and vault maps discovered:
D:1:      minmay_arrival_shoal_huts, layout_loops_corners,
          amcnicky_mini_pool_small, hex_medium, chequers_serial_rivers_large_b
D:2:      layout_loops_ring, serial_glass, glass_columns_a, glass_columns_b,
          glass_columns_a, glass_columns_b, glass_columns_a, glass_columns_a,
          glass_columns_a, glass_columns_a, glass_columns_a, glass_columns_b,
          uniq_crazy_yiuf_cottage
D:3:      layout_loops_corners, uniq_terence
D:4:      layout_rooms, lemuel_zombie_altar_yredelemnul, uniq_natasha

Skill      XL: |  1  2  3  4  5 |
---------------+----------------+-----
Short Blades   | 3 4 |  4.0
Dodging        | 2 3 |  3.0
Fighting       | 3 |  3.3
Stealth        | 6 |  6.2
Throwing       | |  2.1

Action                     |  1- 3 |  4- 6 || total
---------------------------+-------+-------++-------
  Melee: Dagger            |    71 |    77 ||   148
   Stab: Sleeping          |    14 |    14 ||    28
 Armour: Robe              |     8 |    10 ||    18
  Dodge: Dodged            |    35 |    51 ||    86

Table legend: (Time is in decaauts)
 A = Elapsed time spent in this place.
 B = Non-inter-level travel time spent in this place.
 C = Inter-level travel time spent in this place.
 D = Time resting spent in this place.
 E = Time spent auto-exploring this place.
 F = Levels seen in this place.
 G = Mean time per level.
                   A        B        C        D        E       F      G
               +--------+--------+--------+--------+--------+-----+--------+
         Total |   3277 |   3156 |    121 |      0 |   2794 |   4 |  819.2 |
       Dungeon |   3277 |   3156 |    121 |      0 |   2794 |   4 |  819.2 |
               +--------+--------+--------+--------+--------+-----+--------+

Top non-repeatable levels by time:
     D:1: 1254 daAuts
     D:3: 976 daAuts
     D:2: 975 daAuts
     D:4: 70 daAuts
